 Dungeon Crawl Stone Soup version 0.28-b1-1-g3c77fb2 (webtiles) character file.

Game seed: 13338102866432919628

117063 Host24 the Sniper (level 17, -2/113 HPs)
             Began as a Kobold Hunter on Jan 26, 2022.
             Was the Champion of Dithmenos.
             Slain by a reaper (25 damage)
             ... in an ice cave on Jan 27, 2022.
             The game lasted 04:36:11 (53733 turns).

Host24 the Sniper (Kobold Hunter)                  Turns: 53733, Time: 04:36:11

Health: -2/113     AC: 17    Str: 13    XL:     17   Next: 28%
Magic:  26/26      EV: 21    Int: 15    God:    Dithmenos [******]
Gold:   2559       SH:  0    Dex: 21    Spells: 25/28 levels left

rFire   . . .      SeeInvis .   y - +5 morningstar of Benevolence {vorpal, Dex+2 Stlth+}
rCold   + . .      Faith    .   (no shield)
rNeg    . . .      Spirit   .   A - +0 swamp dragon scales
rPois   +          Reflect  .   w - +0 helmet
rElec   .          Harm     .   T - +0 cloak
rCorr   .          Rampage  .   (no gloves)
Will    +....                   (no boots)
Stlth   ++++++++++              W - amulet of regeneration
HPRegen 1.08/turn               B - ring of protection from cold
MPRegen 0.20/turn               b - +4 ring of protection

@: wreathed by umbra
A: small, no large weapons, nightstalker 3, iridescent scales 1, screaming 1,
strong 1, sturdy frame 1
a: Renounce Religion, Shadow Step, Shadow Form


You were in an ice cave.
You worshipped Dithmenos.
Dithmenos was exalted by your worship.
You visited 7 branches of the dungeon, and saw 27 of its levels.
You also visited: Sewer, Ossuary and Ice Cave.

You collected 2845 gold pieces.
You spent 286 gold pieces at shops.

Inventory:

Hand Weapons
 j - a +1 falchion of holy wrath
 q - a +0 arbalest of electrocution
 y - the +5 morningstar of Benevolence (weapon) {vorpal, Dex+2 Stlth+}
   (You found it on level 10 of the Dungeon)

   It inflicts extra damage upon your enemies.
   Dex:       It affects your dexterity (+2).
   Stlth:     It makes you more stealthy.
 X - a +2 spear of venom
Missiles
 d - 2 bolts
 n - 585 stones
 o - 2 atropa-tipped darts
 s - 2 curare-tipped darts
 t - 36 poisoned darts
 v - 23 boomerangs
 Q - 43 sling bullets
 S - 21 arrows
Armour
 a - +0 fire dragon scales
 w - a +0 helmet (worn)
 A - +0 swamp dragon scales (worn)
 T - a +0 cloak (worn)
Jewellery
 b - a +4 ring of protection (right hand)
 m - a ring of willpower
 z - an amulet of reflection
 B - a ring of protection from cold (left hand)
 E - a +6 ring of intelligence
 L - a ring of positive energy
 O - a ring of protection from fire
 R - a +4 ring of protection
 W - an amulet of regeneration (around neck)
 Z - a ring of wizardry
Wands
 f - a wand of iceblast (21)
 x - a wand of paralysis (10)
 C - a wand of acid (1)
 D - a wand of polymorph (14)
 H - a wand of flame (19) (quivered)
 M - a wand of mindburst (18)
 Y - a wand of charming (4)
Scrolls
 c - 4 scrolls of fog
 k - 4 scrolls of immolation
 u - 3 scrolls of amnesia
 F - 3 scrolls of magic mapping
 G - 2 scrolls of identify
 V - a scroll of brand weapon
Potions
 l - a potion of flight
 r - 4 potions of magic
 I - 4 potions of might
 U - 4 potions of resistance
Miscellaneous
 e - a tin of tremorstones (2/2)
 J - a box of beasts
 P - a lightning rod (4/4)


   Skills:
 + Level 15.6 Fighting
 - Level 4.0 Short Blades
 - Level 3.0 Maces & Flails
 - Level 22.0 Crossbows
 - Level 7.1 Armour
 - Level 10.0 Dodging
 - Level 7.0 Stealth
 - Level 6.0 Spellcasting
 - Level 7.1 Hexes
 - Level 8.0 Translocations
 - Level 4.0 Evocations


You had 25 spell levels left.
You knew the following spells:

 Your Spells              Type           Power      Damage    Failure   Level
a - Portal Projectile     Hex/Tloc       54%        N/A       2%          3

Your spell library contained the following spells:

 Spells                   Type           Power      Damage    Failure   Level
 Blink                    Tloc           56%        N/A       1%          2
 Gell's Gravitas          Tloc           28%        N/A       2%          3
 Lesser Beckoning         Tloc           28%        N/A       2%          3
 Teleport Other           Tloc           28%        N/A       2%          3
 Dazzling Flash           Conj/Hex       30%        N/A       14%         3
 Summon Guardian Golem    Hex/Summ       15%        N/A       14%         3
 Beastly Appendage        Tmut           8%         N/A       21%         1
 Sandblast                Erth           8%         2d5       21%         1
 Summon Small Mammal      Summ           16%        N/A       21%         1
 Manifold Assault         Tloc           28%        N/A       21%         5
 Corpse Rot               Necr/Air       8%         N/A       30%         2
 Passwall                 Tmut/Erth      3%         N/A       30%         2
 Poisonous Vapours        Pois/Air       8%         N/A       30%         2
 Wereblood                Tmut           4%         N/A       30%         2
 Iskenderun's Mystic Bla  Conj/Tloc      16%        2d5       36%         4
 Leda's Liquefaction      Hex/Erth       7%         N/A       43%         4
 Call Canine Familiar     Summ           4%         N/A       52%         3
 Conjure Flame            Conj/Fire      4%         6-21      52%         3
 Frozen Ramparts          Ice            8%         1d2       52%         3
 Ignite Poison            Fire/Tmut/Pois 4%         N/A       52%         3
 Spider Form              Tmut/Pois      4%         N/A       52%         3
 Stone Arrow              Conj/Erth      8%         3d7       52%         3
 Summon Forest            Summ/Tloc      8%         N/A       71%         5
 Summon Mana Viper        Hex/Summ       15%        N/A       78%         5
 Yara's Violent Unravell  Hex/Tmut       7%         3d5       78%         5
 Animate Dead             Necr           2%         N/A       89%         4
 Ice Form                 Ice/Tmut       4%         N/A       89%         4
 Sticky Flame             Conj/Fire      4%         2d3       89%         4
 Summon Ice Beast         Ice/Summ       4%         N/A       89%         4
 Borgnjor's Vile Clutch   Necr/Erth      2%         N/A       99%         5
 Lee's Rapid Deconstruct  Erth           2%         3d5*      99%         5
 Death Channel            Necr           2%         N/A       100%        6
 Starburst                Conj/Fire      2%         6d3       100%        6
 Statue Form              Tmut/Erth      2%         N/A       100%        6
 Summon Cactus Giant      Summ           2%         N/A       100%        6
 Storm Form               Tmut/Air       2%         N/A       100%        7


Dungeon Overview and Level Annotations

Branches:
Dungeon (15/15)            Temple (1/1) D:4            Lair (6/6) D:8
  Swamp (1/4) Lair:2       Spider (1/4) Lair:3        Slime (0/5) Lair:5
    Orc (2/2) D:9             Elf (0/3) Orc:2        Vaults (0/5) D:13
 Depths (1/4) D:15          Sewer (visited)         Ossuary (visited)
  IceCv (1/1)

Altars:
Ashenzari
Cheibriados
Dithmenos
Elyvilon
Fedhas
Gozag
Hepliaklqana
Kikubaaqudgha
Makhleb
Nemelex Xobeh
Okawaru
Qazlal
Ru
Sif Muna
Trog
Uskayaw
Vehumet
Wu Jian
Xom
Yredelemnul
Zin
The Shining One
Beogh

Shops:
D:5 :   D:11 =   Orc:2 ([[=

Portals:
Hell: Depths:1
Pandemonium: Depths:1

Annotations:
D:11 1 runed translucent door
D:14 Frances, Nessos
Lair:5 2 runed translucent doors, Rupert
Depths:1 Bai Suzhen


Innate Abilities, Weirdness & Mutations

You are small and have problems with some larger weapons.
You are completely attuned to the shadows.
You are partially covered in iridescent scales. (AC +2)
You occasionally shout uncontrollably at your foes.
Your muscles are strong. (Str +2)
Your movements are slightly less encumbered by armour. (ER -2)


Message History

You destroy the freezing wraith!
Dithmenos accepts your kill.
You feel yourself speed up.
You start resting.
HP restored.
A reaper comes into view.
It is wielding a +0 scythe of freezing, wearing a +2 robe of cold resistance and wearing the ring of Wefe {Ice rElec rPois rN+ Int-5}.
You yell at the reaper!
The reaper hits you from afar with a +0 scythe of freezing.
Unknown command.
The reaper hits you with a +0 scythe of freezing.
The reaper freezes you.
You hit the reaper but do no damage.
Your shadow hits the reaper but does no damage.
The reaper smiles without lips.
The reaper closely misses you.
You hit the reaper but do no damage. The reaper barely misses you.
You barely miss the reaper. The reaper closely misses you.
The reaper completely misses you.
You hit the reaper.
The reaper is lightly wounded.
The reaper hits you with a +0 scythe of freezing!!
You emit a cloud of dark smoke.
The reaper freezes you.
You hit the reaper but do no damage.
The reaper is lightly wounded.
Your shadow hits the reaper with a morningstar!
The reaper hits you with a +0 scythe of freezing!!
The reaper freezes you.
You puncture the reaper!
The reaper is moderately wounded.
The reaper hits you with a +0 scythe of freezing!
The reaper freezes you.
The reaper hits you with a +0 scythe of freezing!!
* * * LOW HITPOINT WARNING * * *
The reaper freezes you.
* * * LOW HITPOINT WARNING * * *
Blink to where?
Press: ? - help, Dir - move target
As you read the scroll of blinking, it crumbles to dust.
The reaper hits you with a +1 scythe of freezing!!
You die...

#.§##..[##○.§...
##..#....###○§§##
#..##...4 #§#☼#
#..#n...# #§§§# .
#..## #.##
#☼§.#..
#...###..#
#......
##..##...###..# Z
#..2....#.#.☼##
.#
##...#@...°.§.#.#
##..#.2#..#§.Z.#
####..##§##..##
##..####....
#...## ##....
##...# ..Z.
##..## ##....#
#.. ##.....##Z≈##


You could see 2 reapers.

Vanquished Creatures
  Jorgrun (D:12)
  A tentacled monstrosity (Lair:2)
  Kirke (D:12)
  2 orc warlords (Orc:2)
  An ettin (Orc:2)
  A fire dragon (Lair:6)
  Josephine (D:12)
  A rakshasa (D:15)
  2 great orbs of eyes
  4 boulder beetles
  A vault guard (D:13)
  A jorogumo (Spider:1)
  10 hydras
  5 centaur warriors
  An ogre mage (D:15)
  A catoblepas (D:13)
  10 two-headed ogres
  5 death yaks
  5 skeletal warriors (D:14)
  A spriggan simulacrum (IceCv)
  An orange crystal statue (D:10)
  2 obsidian statues
  A lindwurm (Lair:6)
  A wizard (D:15)
  4 orc knights
  4 deep elf pyromancers
  23 ugly things
  5 orc sorcerers
  4 cyclopes
  5 wolf spiders
  3 manticores
  A moth of wrath (Spider:1)
  10 elephants
  2 molten gargoyles (Lair:6)
  4 black mambas
  A guardian serpent (shapeshifter) (D:13)
  An eye of devastation (shapeshifter) (D:15)
  12 cane toads
  Joseph (D:9)
  An efreet (D:15)
  3 torpor snails
  Maggie (Lair:1)
  7 kobold demonologists
  An unseen horror (D:11)
  4 rime drakes
  13 komodo dragons
  8 freezing wraiths
  4 ice devils (IceCv)
  3 entropy weaver simulacra (IceCv)
  2 polar bears
  3 meliai (D:15)
  6 trolls
  A tyrant leech (Lair:2)
  3 tarantellas (Spider:1)
  Grinder (D:3)
  4 dream sheep (Lair:4)
  8 blink frogs
  15 slime creatures
  4 jumping spiders
  Sigmund (D:3)
  A dire elephant simulacrum (IceCv)
  A centaur simulacrum (D:15)
  75 yaks
  3 shadows
  4 culicivoras
  6 wraiths
  A basilisk (shapeshifter) (D:15)
  4 basilisks
  3 steam dragons
  14 redbacks
  7 wyverns
  2 harpy simulacra (IceCv)
  A minotaur simulacrum (IceCv)
  8 wargs
  2 acid dragons
  5 hell hounds (Lair:6)
  6 water moccasins
  2 black bears (Lair:4)
  A hydra simulacrum (IceCv)
  29 orc warriors
  2 sky beasts (D:6)
  2 ice beasts
  An ettin simulacrum (IceCv)
  A necrophage (D:8)
  An alligator simulacrum (IceCv)
  12 ogres
  8 centaurs
  7 wolves
  2 phantoms (D:6)
  4 kobold brigands
  15 bullfrogs
  2 scorpions
  A deep troll simulacrum (IceCv)
  A gnoll sergeant (D:5)
  A wyvern zombie (D:8)
  A wyvern skeleton (D:6)
  A water moccasin skeleton (D:4)
  A lindwurm simulacrum (IceCv)
  10 wights
  4 howler monkeys
  5 hounds
  4 lava snakes (Lair:6)
  8 centaur zombies
  19 orc priests
  2 jellies
  A gnoll shaman (D:7)
  A centaur skeleton (D:7)
  A human zombie (Ossuary)
  Jessica (D:3)
  4 iguanas
  29 orc wizards
  2 killer bee zombies
  2 howler monkey zombies
  2 mummies (Ossuary)
  13 gnolls
  A howler monkey skeleton (D:5)
  11 adders
  5 river rats
  A shadow imp (D:6)
  A white imp (D:3)
  2 adder zombies (Ossuary)
  2 worms (D:3)
  4 dart slugs
  90 orcs
  6 bats
  7 endoplasms
  A giant cockroach (D:1)
  3 goblins
  4 hobgoblins
  3 jackals (D:1)
  41 kobolds
  A quokka (D:2)
  11 ball pythons
  3 frilled lizards
  2 goblin zombies (Ossuary)
  9 hobgoblin zombies (Ossuary)
  A jackal zombie (Ossuary)
  12 kobold zombies (Ossuary)
  6 orc zombies (Ossuary)
  27 rats
  A rat zombie (Ossuary)
834 creatures vanquished.

Vanquished Creatures (others)
  An orc wizard (D:8)
  55 fungi
  73 plants
129 creatures vanquished.

Grand Total: 963 creatures vanquished

Notes
Turn   | Place    | Note
-------+----------+-------------------------------------------
     0 | D:1      | Host24 the Kobold Hunter began the quest for the Orb.
     0 | D:1      | Reached XP level 1. HP: 12/12 MP: 1/1
   108 | D:1      | Reached skill level 5 in Crossbows
   141 | D:1      | Reached XP level 2. HP: 3/17 MP: 2/2
   463 | D:1      | Found a faded altar of an unknown god.
  1259 | D:1      | Reached XP level 3. HP: 23/23 MP: 3/3
  1947 | D:2      | Reached skill level 1 in Armour
  2281 | D:2      | Reached XP level 4. HP: 21/28 MP: 4/4
  3269 | D:3      | Reached XP level 5. HP: 32/32 MP: 5/5
  3310 | D:3      | Found a glowing drain.
  3315 | Sewer    | Entered a sewer
  3552 | Sewer    | Reached skill level 6 in Crossbows
  3852 | Sewer    | Reached skill level 1 in Spellcasting
  4380 | Sewer    | Reached XP level 6. HP: 38/38 MP: 7/7
  4998 | D:3      | Noticed Sigmund
  5120 | D:3      | Reached skill level 1 in Short Blades
  5446 | D:3      | Noticed Grinder
  5489 | D:3      | Noticed Jessica
  5493 | D:3      | Killed Jessica
  6121 | D:4      | Reached skill level 7 in Crossbows
  6121 | D:4      | Reached XP level 7. HP: 39/43 MP: 8/8
  6235 | D:4      | Noticed a wyvern
  6280 | D:5      | Entered Level 5 of the Dungeon
  6626 | D:4      | Reached skill level 8 in Crossbows
  6973 | D:4      | Reached skill level 9 in Crossbows
  7389 | D:5      | HP: 2/43 [gnoll sergeant (12)]
  7712 | D:4      | Gained mutation: You are frail. (-10% HP) [potion of
                  | mutation]
  7712 | D:4      | Gained mutation: You sometimes lose the ability to read
                  | scrolls when taking damage. [potion of mutation]
  7712 | D:4      | Gained mutation: You occasionally shout uncontrollably at
                  | your foes. [potion of mutation]
  7897 | D:5      | Reached XP level 8. HP: 29/43 MP: 9/9
  8230 | D:4      | Reached skill level 10 in Crossbows
  8269 | D:5      | HP: 1/43 [gnoll (13)]
  8573 | D:4      | Lost mutation: You are frail. (-10% HP) [potion of
                  | mutation]
  8573 | D:4      | Lost mutation: You sometimes lose the ability to read
                  | scrolls when taking damage. [potion of mutation]
  8573 | D:4      | Gained mutation: Your muscles are strong. (Str +2) [potion
                  | of mutation]
  8573 | D:4      | Gained mutation: Your movements are slightly less
                  | encumbered by armour. (ER -2) [potion of mutation]
  8573 | D:4      | Gained mutation: You are partially covered in iridescent
                  | scales. (AC +2) [potion of mutation]
  8958 | D:5      | Found Fueff's Book Boutique.
  9821 | D:5      | Reached skill level 5 in Fighting
 10109 | D:6      | Reached XP level 9. HP: 41/55 MP: 10/10
 10528 | D:6      | Reached skill level 1 in Evocations
 10913 | D:6      | Reached skill level 5 in Dodging
 11113 | D:6      | Reached skill level 11 in Crossbows
 12515 | D:7      | Found a radiant altar of Vehumet.
 12894 | D:7      | Reached XP level 10. HP: 63/63 MP: 11/11
 13068 | D:4      | Found a staircase to the Ecumenical Temple.
 13077 | Temple   | Entered the Ecumenical Temple
 13562 | Temple   | Became a worshipper of Dithmenos the Shadowed
 13849 | D:3      | Killed Grinder
 13850 | D:3      | Reached skill level 12 in Crossbows
 14153 | D:3      | Killed Sigmund
 14772 | D:8      | Found a sand-covered staircase.
 14779 | Ossuary  | Entered an ossuary
 14867 | Ossuary  | Reached * piety under Dithmenos
 15597 | D:8      | Reached ** piety under Dithmenos
 16027 | D:9      | Noticed Joseph
 16065 | D:9      | Noticed a manticore
 16376 | D:9      | Noticed a two-headed ogre
 16661 | D:9      | Killed a manticore
 16662 | D:9      | Reached skill level 13 in Crossbows
 16914 | D:9      | Found a staircase to the Orcish Mines.
 17379 | D:10     | Entered Level 10 of the Dungeon
 17441 | D:10     | Reached XP level 11. HP: 67/68 MP: 13/13
 17560 | D:10     | Noticed an orange crystal statue
 17641 | D:10     | Reached skill level 14 in Crossbows
 18004 | D:10     | Identified the +5 morningstar of Benevolence {vorpal, Dex+2
                  | Stlth+}
 18146 | D:10     | Reached skill level 15 in Crossbows
 18410 | D:10     | Noticed an obsidian statue
 19393 | D:7      | Reached *** piety under Dithmenos
 19588 | D:8      | Found a staircase to the Lair.
 19594 | Lair:1   | Entered Level 1 of the Lair of Beasts
 19909 | Lair:1   | Reached skill level 5 in Stealth
 20414 | Lair:1   | Reached skill level 16 in Crossbows
 20839 | Lair:1   | Reached XP level 12. HP: 42/76 MP: 14/14
 22078 | Lair:2   | Reached skill level 17 in Crossbows
 22446 | Lair:2   | Reached skill level 18 in Crossbows
 22566 | Lair:2   | Noticed Maggie
 23022 | Lair:2   | Noticed a six-headed hydra
 23057 | Lair:1   | Killed Maggie
 23058 | Lair:1   | Reached skill level 5 in Armour
 23241 | Lair:2   | Noticed a four-headed hydra
 23307 | Lair:3   | Noticed an eight-headed hydra
 23630 | Orc:1    | Entered Level 1 of the Orcish Mines
 23649 | Orc:1    | Noticed a two-headed ogre
 23660 | D:9      | Reached **** piety under Dithmenos
 23979 | D:11     | Reached skill level 10 in Fighting
 24194 | D:11     | Found a runed translucent door.
 24846 | D:11     | Noticed a centaur warrior
 24985 | D:11     | Found Xaduik's Jewellery Shop.
 25028 | D:12     | Noticed Josephine
 25085 | D:12     | Noticed Kirke
 25776 | Lair:2   | Noticed an eight-headed hydra
 25843 | Lair:2   | Killed an eight-headed hydra
 25844 | Lair:2   | Reached XP level 13. HP: 35/83 MP: 15/15
 26076 | Lair:2   | Killed a six-headed hydra
 26323 | Lair:2   | Found a staircase to the Swamp.
 26881 | Lair:3   | Reached skill level 1 in Maces & Flails
 26952 | Lair:3   | Found a hole to the Spider Nest.
 26963 | Lair:3   | Reached skill level 1 in Hexes
 27149 | D:5      | Bought the Volume of Curses and Venom for 286 gold pieces
 27153 | D:5      | Learned a level 3 spell: Portal Projectile
 27424 | Lair:3   | Noticed an eight-headed hydra
 27689 | Lair:3   | Reached skill level 1 in Translocations
 27741 | Lair:3   | Killed an eight-headed hydra
 27782 | Lair:3   | Identified the +3 leather armour of Asink {Fly Regen+}
 29304 | Lair:4   | Reached skill level 5 in Hexes
 29621 | Lair:4   | Reached skill level 5 in Translocations
 30262 | Lair:5   | Noticed a five-headed hydra
 30267 | Lair:5   | Killed a five-headed hydra
 30422 | Lair:5   | Found a staircase to the Slime Pits.
 30688 | Lair:5   | Reached XP level 14. HP: 79/90 MP: 20/20
 30689 | Lair:5   | Reached ***** piety under Dithmenos
 30779 | Lair:5   | Found a large runed translucent door.
 30975 | Lair:5   | Noticed Rupert
 31213 | Lair:5   | Found a large runed translucent door.
 31744 | Lair:5   | Paralysed by Rupert for 2 turns
 32170 | D:11     | Reached skill level 5 in Spellcasting
 32261 | D:11     | Found a sacrificial altar of Ru.
 32409 | D:12     | Noticed Jorgrun
 32796 | D:12     | Killed Josephine
 34017 | D:13     | Paralysed by a great orb of eyes for 3 turns
 34705 | D:13     | Found a gate to the Vaults.
 36851 | D:14     | Noticed Nessos
 36879 | D:13     | Reached XP level 15. HP: 66/96 MP: 14/22
 37760 | Orc:2    | Entered Level 2 of the Orcish Mines
 38129 | Orc:2    | Found a staircase to the Elven Halls.
 38280 | Orc:2    | Found Zuvvonn's Jewellery Boutique.
 38796 | Orc:2    | Noticed an orc warlord
 39185 | Orc:2    | Found Popnun's Armour Emporium.
 39231 | Orc:1    | Noticed an orc warlord
 39728 | Lair:6   | Entered Level 6 of the Lair of Beasts
 39802 | Lair:6   | Reached skill level 19 in Crossbows
 42075 | Lair:6   | Reached ****** piety under Dithmenos
 42427 | Lair:6   | Found a large runed translucent door.
 42588 | Lair:6   | Found a large runed translucent door.
 43406 | Lair:6   | Reached skill level 20 in Crossbows
 44520 | Swamp:1  | Entered Level 1 of the Swamp
 44520 | Swamp:1  | Noticed a tentacled monstrosity
 44808 | D:9      | Killed Joseph
 44992 | D:12     | Reached XP level 16. HP: 104/104 MP: 23/25
 45236 | D:12     | Killed Jorgrun
 45247 | D:12     | Killed Kirke
 46188 | D:14     | Noticed Frances
 47260 | D:15     | Entered Level 15 of the Dungeon
 47553 | D:15     | Found a staircase to the Depths.
 47596 | D:15     | Got the Collected Works on Earth
 47836 | D:15     | Reached skill level 21 in Crossbows
 48569 | D:15     | Reached skill level 10 in Dodging
 50250 | Orc:2    | Found Piann's Antique Armour Shop.
 50250 | Orc:2    | Found Joluweyc's Antique Weapon Boutique.
 50605 | Orc:2    | Reached skill level 22 in Crossbows
 51596 | Depths:1 | Entered Level 1 of the Depths
 51601 | Depths:1 | Noticed Bai Suzhen
 51669 | Depths:1 | Found a one-way gate leading to the halls of Pandemonium.
 51763 | Depths:1 | Found a gateway to Hell.
 52198 | Lair:2   | Killed a tentacled monstrosity
 52199 | Lair:2   | Reached XP level 17. HP: 56/112 MP: 26/26
 52364 | Spider:1 | Entered Level 1 of the Spider Nest
 52431 | Spider:1 | Paralysed by a jorogumo for 1 turns
 52783 | Spider:1 | Reached skill level 15 in Fighting
 52841 | Spider:1 | Found a frozen archway.
 52847 | IceCv    | Entered an ice cave
 53705 | IceCv    | Identified the ring of Wefe {Ice rElec rPois rN+ Int-5}
 53733 | IceCv    | Slain by a reaper

Illustrated notes

Levels and vault maps discovered:
D:1:      heliophobic_arrival_henge, layout_loops_corners,
          hellmonk_ecumenical_altar_crossroads, grunt_decor_clamped,
          minivault_19, amcnicky_mini_corridor_feature, minmay_pentomino_z4
D:2:      layout_loops_ring, grunt_ministairs_5
D:3:      layout_loops_ring, lightli_sewer_entry_pipes, uniq_sigmund,
          uniq_grinder, uniq_jessica
D:4:      layout_layer_cave, minmay_temple_entry_mini_moons, st_stairs_1
D:5:      layout_cave_pods, serial_shops, shop
D:6:      layout_loops_ring
D:7:      layout_basic, mainiacjoe_overflow_alcove_1,
          nicolae_elevator_lobby_asterisk
D:8:      layout_basic, lair_entry_dummy, nicolae_ossuary_entry_monument
D:9:      layout_loops_ring, orc_0_dummy, hellmonk_bongcloud_opening,
          uniq_joseph
D:10:     minmay_separated_statues, layout_loops_cross, minmay_misc_feat_room
D:11:     gammafunk_mikee_crab_dinner, layout_loops_corners, serial_shops, shop,
          nicolae_ru_the_path_less_chosen
D:12:     layout_loops_ring, uniq_jorgrun, uniq_josephine, uniq_kirke
D:13:     layout_basic, david_vaults_5
D:14:     layout_loops_corners, infiniplex_staircase_pillars_1, uniq_frances,
          uniq_nessos
D:15:     hangedman_depths_entry_try_elsewhere_first, layout_basic,
          serial_corexii_hall, corexii_hall_statues_x, corexii_hall_statues_s,
          chequers_serial_rivers_room_a, grunt_potential
Temple:   mainiacjoe_temple_circle_huts
Lair:1:   layout_layer_cave, beast_lair_carwin_3
Lair:2:   layout_gridlike, palyth_hydra_swamp_entry, uniq_maggie
Lair:3:   layout_misc_corridors, nicolae_spider_entry_tight_spaces,
          serial_bayou_lagoon_a
Lair:4:   layout_cave_shapes, st_stairs_9
Lair:5:   layout_gridlike, nicolae_slime_entry_slimehenge,
          ebering_ghost_disaster_area, serial_bayou_shore_b, grunt_megastairs_1,
          serial_bayou_shore_b, infiniplex_staircase_pool_2, uniq_rupert
Lair:6:   cheibrodos_lair_end_hotspot, layout_layer_cave
Swamp:1:  layout_basic_swamp, hellmonk_ghost_happy_afterlife, basic_altar,
          uniq_nikola
Spider:1: layout_spider_delve, portal_ice_cave_entry_pillars_1
Orc:1:    layout_caves
Orc:2:    grunt_orc_community_town_hall, layout_diamond_mine,
          grunt_orc_community_big_house_2, grunt_orc_community_big_house_1,
          grunt_orc_community_house_2, grunt_orc_community_house_3,
          grunt_orc_community_house_2, grunt_orc_community_house_3
Depths:1: layout_long_grid, rand_demon_pan_entry_3, okawaru_gym_becter,
          hell_entry, beargit_hepliaklqana_dungeon_heroes, uniq_bai_suzhen
IceCv:    ice_cave_small_demon

Skill      XL: |  1  2  3  4  5  6  7  8  9 10 11 12 13 14 15 16 17 |
---------------+----------------------------------------------------+-----
Crossbows      | 5 6 7 9 10 11 13 16 18 20 22 | 22.0
Fighting       | 3 4 6 7 8 9 10 11 12 13 14 15 | 15.6
Dodging        | 3 6 7 8 9 10 | 10.0
Armour         | 1 2 3 4 5 6 7 |  7.1
Stealth        | 3 4 5 6 7 |  7.0
Spellcasting   | 1 4 5 6 |  6.0
Short Blades   | 1 3 4 |  4.0
Evocations     | 2 3 4 |  4.0
Maces & Flails | 3 |  3.0
Hexes          | 5 7 |  7.1
Translocations | 5 8 |  8.0

Action                   |  1- 3 |  4- 6 |  7- 9 | 10-12 | 13-15 | 16-18 || total
-------------------------+-------+-------+-------+-------+-------+-------++-------
Melee: Short sword       |    79 |   120 |   119 |   228 |       |       ||   546
       Punch             |       |     1 |       |     4 |    16 |     8 ||    29
       Dagger            |       |    55 |    81 |    41 |       |       ||   177
       Morningstar       |       |       |       |   231 |   974 |   289 ||  1494
       Spear             |       |       |       |       |    13 |    67 ||    80
       Falchion          |       |       |       |       |       |    11 ||    11
 Fire: Hand crossbow     |    14 |    72 |   198 |   393 |       |       ||   677
       Hunting sling     |       |     4 |       |       |       |       ||     4
       Arbalest          |       |       |       |   101 |   397 |   350 ||   848
Throw: Stone             |       |    32 |       |     3 |    15 |     1 ||    51
       Dart              |       |     4 |     2 |     3 |       |       ||     9
 Cast: Portal Projectile |       |       |       |       |    13 |     2 ||    15
Invok: Shadow Step       |       |       |       |       |       |     1 ||     1
Evoke: Wand              |       |       |       |       |     1 |    13 ||    14
  Use: Potion            |       |     2 |     4 |    10 |     4 |    18 ||    38
       Scroll            |       |     1 |     7 |    10 |     6 |    16 ||    40
 Stab: Sleeping          |    12 |     7 |     4 |     8 |    17 |     6 ||    54
       Distracted        |       |       |     1 |       |     5 |     3 ||     9
       Paralysed         |       |       |       |       |     2 |       ||     2
Armor: Leather armour    |    13 |    41 |    78 |       |       |       ||   132
       Ring mail         |       |       |     1 |   176 |       |       ||   177
       Swamp dragon scal |       |       |       |   115 |   406 |   345 ||   866
       Fire dragon scale |       |       |       |       |     2 |       ||     2
Dodge: Dodged            |    72 |   157 |   225 |   765 |  1275 |   904 ||  3398
Block: Buckler           |       |       |    73 |   136 |       |       ||   209
       Other             |       |       |       |       |   271 |    52 ||   323
       Reflection        |       |       |       |       |     1 |       ||     1
